 Dungeon Crawl Stone Soup version 0.30-a0-634-g8abc85282e (webtiles) character file.

Game seed: 16916841488651200162

1 Bnni the Sneak (level 1, 0/11 HPs)
             Began as a Vine Stalker Brigand on Jan 14, 2023.
             Slain by an adder (3 damage)
             ... on level 2 of the Dungeon.
             The game lasted 00:00:12 (41 turns).

Bnni the Sneak (Vine Stalker Brigand)                 Turns: 41, Time: 00:00:14

Health: 0/11       AC:  3    Str: 13    XL:     1   Next: 20%
Magic:  0/2        EV: 11    Int: 11    God:
Gold:   2          SH:  0    Dex: 15    Spells: 0/0 levels left

rFire   . . .      SeeInvis .    a - +2 dagger
rCold   . . .      Faith    .    (no shield)
rNeg    . . .      Spirit   +    b - +0 robe
rPois   .          Reflect  .    (no helmet)
rElec   .          Harm     .    c - +0 cloak
rCorr   .          Rampage  .    (no gloves)
Will    .....                    (no boots)
Stlth   +++                      (no amulet)
HPRegen 0.21/turn                (no ring)
MPRegen 0.08/turn                (no ring)

@: lethally poisoned (0 -> -7)
A: fangs 2, magic shield, antimagic bite, no potion heal 2
a: no special abilities


You were on level 2 of the Dungeon.
You visited 1 branch of the dungeon, and saw 2 of its levels.

You collected 2 gold pieces.

Inventory:

Hand Weapons
 a - a +2 dagger (weapon)
Missiles
 d - 9 poisoned darts (quivered)
 e - 3 curare-tipped darts
Armour
 b - a +0 robe (worn)
 c - a +0 cloak (worn)


   Skills:
 + Level 1.8 Fighting
 * Level 1.8 Short Blades
 - Level 1.7 Throwing
 - Level 0.7 Dodging
 - Level 4.8 Stealth


You couldn't memorise any spells.
You didn't know any spells.
Your spell library was empty.

Dungeon Overview and Level Annotations

Branches:
Dungeon (1/15)

Altars:


Innate Abilities, Weirdness & Mutations

You have extremely sharp teeth.
When hurt, damage is shared between your health and your magic reserves.
Your bite disrupts and absorbs the magic of your enemies.
Potions cannot restore your health.


Message History

You hit the hobgoblin.
The hobgoblin is severely wounded.
You hit the hobgoblin.
You kill the hobgoblin!
You open the door.
An adder comes into view.
There is an open door here.
An adder is nearby!
Found an escape hatch in the ceiling.
The adder hisses angrily.
The adder closely misses you. The adder bites you.
You are poisoned.
The adder poisons you!
You hit the adder. Your bite misses the adder.
The adder is lightly wounded.
You feel sick. The adder closely misses you.
You hit the adder but do no damage. You bite the adder, but do no damage.
The adder is lightly wounded.
You feel sick. The adder closely misses you.
You barely miss the adder.
The adder is lightly wounded.
The adder barely misses you.
You hit the adder. You bite the adder. You drain its power.
The adder is severely wounded.
You feel sick. The adder bites you.
You barely miss the adder.
The adder is severely wounded.
You feel sick. The adder barely misses you.
You are too injured to fight recklessly!
You are too injured to fight recklessly!
You are too injured to fight recklessly!
You barely miss the adder.
The adder is severely wounded.
You feel sick.
You are no longer poisoned.
The adder bites you.
* * * LOW HITPOINT WARNING * * *
You are lethally poisoned!
The adder poisons you! The adder bites you.
You die...

### # ##+# # #.. #
.# ##...## #.#.#
.#.# ##.>...##
#.#.##..#
##.......###....S.#
#.........####.@.##
+.........'.......#
#.....<...####...##
#.......## #<.##
##.†...## #.##
##...## #..# ##'##
#.## #.# #.# #.#
#.#


You could see an adder.

Vanquished Creatures
  A hobgoblin (D:2)
1 creature vanquished.

Notes
Turn   | Place    | Note
-------+----------+-------------------------------------------
     0 | D:1      | Bnni the Vine Stalker Brigand began the quest for the Orb.
     0 | D:1      | Reached XP level 1. HP: 11/11 MP: 2/2
     1 | D:1      | You fall into a shaft and drop 1 floor!
    41 | D:2      | Slain by an adder

Illustrated notes

Levels and vault maps discovered:
D:1:      lightli_arrival_maybe_door_vault, layout_loops_cross, nrook_uturn,
          minmay_hedge_maze
D:2:      layout_loops_corners

Action                   || total
-------------------------++-------
Melee: Dagger            ||     8
       Bite              ||     2
Armor: Robe              ||     1
Dodge: Dodged            ||     5

Table legend: (Time is in decaauts)
 A = Elapsed time spent in this place.
 B = Non-inter-level travel time spent in this place.
 C = Inter-level travel time spent in this place.
 D = Time resting spent in this place.
 E = Time spent auto-exploring this place.
 F = Levels seen in this place.
 G = Mean time per level.
                   A        B        C        D        E       F      G
               +--------+--------+--------+--------+--------+-----+--------+
         Total |     40 |     40 |      0 |      0 |     24 |   2 |   20.0 |
       Dungeon |     40 |     40 |      0 |      0 |     24 |   2 |   20.0 |
               +--------+--------+--------+--------+--------+-----+--------+

Top non-repeatable levels by time:
     D:2: 39 daAuts
     D:1: 1 daAuts
